Map: 베를린그라드 - 래더

Players

DPGZest (Zest)

  • Race: Protoss Protoss

Bunny - Winner!

  • Race: Terran Terran
  • League: Bronze

Event: StayAtHome Story Cup #4

VOD

Have the link to the VOD?

Description

Time

  • Played on: Oct. 22, 2021, 8:18 a.m.
  • Length: 8:16

All games in this series

Show
View Real Time Build Order
Export as new Build Order

DPGZest Protoss 

Build Orders: Blink Stalkers, Colossus Rush 

Get SALT Encoding   

  12  0:00  Probe  
  13  0:12  Probe  
  14  0:17  Pylon  
  14  0:24  Probe (Chrono Boost)  
  15  0:36  Gateway, Probe (Chrono Boost)  
  16  0:45  Probe (Chrono Boost)  
  16  0:46  Assimilator  
  17  0:51  Probe  
  18  1:03  Probe  
  19  1:15  Probe  
  20  1:27  Probe  
  20  1:32  Cybernetics Core  
  21  1:35  Pylon  
  21  1:39  Probe  
  22  1:50  Nexus  
  22  1:55  Probe  
  22  2:00  Assimilator  
  23  2:07  Probe  
  24  2:08  Adept  
  24  2:11  Warp Gate  
  26  2:19  Probe  
  27  2:31  Probe  
  27  2:32  Twilight Council  
  28  2:40  Stalker  
  28  2:43  Probe  
  31  2:52  Gateway  
  31  3:02  Probe (Chrono Boost)  
  31  3:03  Probe (Chrono Boost)  
  33  3:09  Blink (Chrono Boost)  
  33  3:14  Probe (Chrono Boost)  
  33  3:15  Probe (Chrono Boost)  
  33  3:19  Stalker  
  37  3:22  Probe x2 (Chrono Boost)  
  39  3:28  Pylon, Probe (Chrono Boost)  
  39  3:29  Probe (Chrono Boost)  
  41  3:40  Probe (Chrono Boost)  
  41  3:41  Probe (Chrono Boost)  
  43  3:43  Robotics Facility  
  43  3:46  Probe x2 (Chrono Boost)  
  45  3:50  Assimilator  
  45  3:52  Assimilator  
  45  3:55  Pylon  
  45  3:57  Probe x2  
  47  4:04  Stalker x2  
  47  4:09  Probe x2  
  53  4:10  Pylon  
  53  4:21  Pylon, Probe x2  
  54  4:33  Stalker x2, Probe x2  
  59  4:45  Probe x2  
  59  4:47  Robotics Bay  
  59  4:50  Forge  
  61  5:03  Pylon  
  61  5:05  Immortal (Chrono Boost)  
  61  5:11  Sentry  
  67  5:16  Charge, Protoss Ground Weapons Level 1  
  67  5:22  Nexus  
  67  5:24  Pylon  
  67  5:34  Colossus (Chrono Boost)  
  73  5:43  Extended Thermal Lance  
  73  5:44  Probe x2  
  75  5:52  Shield Battery  
  75  5:54  Shield Battery  
  75  5:56  Probe x2  
  77  6:06  Sentry  
  77  6:10  Probe  
  81  6:13  Gateway, Colossus (Chrono Boost)  
  81  6:14  Gateway  
  86  6:21  Gateway  
  86  6:24  Gateway  
  86  6:26  Probe  
  86  6:27  Probe  
  86  6:32  Photon Cannon  
  88  6:50  Stalker x2  
  92  6:59  Probe x2  
  100  7:17  Stalker x4  
  100  7:29  Pylon  
  99  7:31  Gateway  
  98  7:40  Zealot x2  
  84  7:49  Zealot x3  
  80  7:53  Gateway  
  80  7:55  Gateway  
  80  7:56  Gateway  
  66  8:07  Zealot x2  
  66  8:11  Zealot x2  
Show
View Real Time Build Order
Export as new Build Order

Bunny Terran - Winner!

Build Orders:  

Get SALT Encoding   

  12  0:00  SCV  
  13  0:12  SCV  
  14  0:16  Supply Depot  
  14  0:24  SCV  
  15  0:38  SCV  
  15  0:40  Barracks  
  16  0:44  Refinery  
  16  0:50  SCV  
  17  1:02  SCV  
  18  1:09  Engineering Bay  
  18  1:14  SCV  
  19  1:27  Marine, Orbital Command  
  20  1:47  Command Center  
  20  1:53  SCV  
  21  1:58  Factory  
  21  2:02  Barracks Reactor  
  21  2:05  SCV  
  22  2:10  Supply Depot  
  22  2:17  SCV  
  22  2:18  Refinery  
  23  2:23  Bunker  
  23  2:31  SCV  
  24  2:39  Marine x2  
  24  2:43  SCV, Starport  
  27  2:50  Widow Mine  
  29  2:55  SCV  
  30  3:00  Orbital Command  
  30  3:04  Marine  
  31  3:05  Marine  
  31  3:08  SCV  
  31  3:12  Widow Mine  
  35  3:20  SCV  
  35  3:21  Medivac  
  35  3:25  SCV  
  39  3:27  Marine x2  
  39  3:31  Supply Depot  
  43  3:34  Widow Mine  
  43  3:36  SCV  
  43  3:38  SCV  
  45  3:48  Marine  
  46  3:51  Barracks  
  46  3:52  Starport Tech Lab, Marine, SCV x2  
  49  3:56  Factory Tech Lab  
  49  3:59  Refinery  
  49  4:00  Engineering Bay  
  49  4:05  SCV x2  
  51  4:11  Supply Depot, Raven  
  51  4:16  Marine  
  54  4:32  SCV x2, Marine  
  54  4:36  Siege Tank  
  54  4:37  Barracks  
  56  4:43  Barracks Tech Lab  
  56  4:44  SCV x2  
  56  4:45  Terran Infantry Weapons Level 1  
  56  4:46  Marine  
  56  4:48  Refinery  
  56  4:50  Marine  
  58  4:52  Supply Depot  
  58  4:56  SCV x2  
  60  5:01  Marine  
  60  5:02  Stimpack  
  60  5:04  Marine, Starport Reactor  
  62  5:14  SCV x2, Marine  
  62  5:18  Supply Depot  
  62  5:19  Factory Reactor  
  62  5:20  Supply Depot  
  65  5:22  Marine  
  65  5:23  Marauder  
  65  5:26  SCV x2  
  70  5:30  Supply Depot  
  70  5:31  Combat Shield  
  70  5:40  Marine, Marauder  
  70  5:41  Barracks  
  70  5:42  Barracks  
  73  5:43  Medivac  
  73  5:46  Medivac  
  73  5:49  SCV x2  
  79  5:53  Supply Depot  
  79  5:56  Supply Depot  
  79  5:58  Widow Mine  
  79  6:02  Marauder  
  85  6:04  Marauder  
  85  6:07  Marine x2  
  87  6:12  Widow Mine  
  87  6:15  Medivac  
  87  6:16  Supply Depot  
  91  6:19  Medivac  
  93  6:26  Marauder x2  
  93  6:31  Marauder  
  93  6:32  Barracks Reactor, Marine x2  
  101  6:35  SCV x2  
  101  6:39  Supply Depot  
  103  6:40  Widow Mine  
  103  6:43  Widow Mine  
  107  6:47  Concussive Shells  
  107  6:55  Marauder x3  
  107  6:58  Marine x2  
  115  7:03  Widow Mine  
  115  7:04  Widow Mine  
  115  7:06  Medivac x2  
  123  7:14  Marine  
  123  7:15  Marine  
  124  7:16  Marine, Marauder  
  124  7:19  SCV  
  126  7:23  Supply Depot  
  126  7:24  SCV, Marauder x2  
  122  7:37  Marauder  
  122  7:39  Marine x4  
  119  7:45  Widow Mine x2, Marauder x2  
  119  7:57  Marine x3  
Tags
 
Add a new tag
Caveats
  • Supply blocks, unpowered buildings, or Contaminate may cause inaccurate times.
  • Supply counts are checked every 10 seconds.